Map: Whirlwind LE (Void)

Players

ShoWTimE

  • Race: Protoss Protoss
  • Spawn Location: 7:00

Maru - Winner!

  • Race: Terran Terran
  • League: Diamond
  • Spawn Location: 5:00

Event: WESG 2016 Finals

VOD

Have the link to the VOD?

Description

Time

  • Played on: Jan. 15, 2017, 2:15 p.m.
  • Length: 11:01

All games in this series

Show
View Real Time Build Order
Export as new Build Order

ShoWTimE Protoss 

Build Orders: 1 Gate Expand, Colossus Rush 

Get SALT Encoding   

  12  0:00  Probe (Chrono Boost)  
  13  0:11  Probe (Chrono Boost)  
  14  0:17  Pylon  
  14  0:22  Probe (Chrono Boost)  
  15  0:35  Probe (Chrono Boost)  
  16  0:37  Gateway  
  16  0:42  Assimilator  
  16  0:45  Probe (Chrono Boost)  
  17  0:56  Probe (Chrono Boost)  
  18  1:07  Probe (Chrono Boost)  
  19  1:19  Nexus  
  19  1:21  Probe (Chrono Boost)  
  20  1:31  Cybernetics Core  
  20  1:33  Probe (Chrono Boost)  
  20  1:38  Assimilator  
  21  1:44  Probe (Chrono Boost)  
  22  1:49  Pylon  
  22  1:55  Probe (Chrono Boost)  
  23  2:04  Adept  
  23  2:08  Probe (Chrono Boost), Warp Gate  
  26  2:20  Probe (Chrono Boost)  
  27  2:31  Probe (Chrono Boost), Robotics Facility  
  27  2:32  Probe (Chrono Boost)  
  29  2:42  Probe (Chrono Boost), Mothership Core (Chrono Boost)  
  29  2:43  Adept  
  34  2:53  Probe (Chrono Boost)  
  35  3:01  Probe (Chrono Boost)  
  35  3:03  Probe (Chrono Boost)  
  37  3:08  Gateway  
  37  3:10  Gateway  
  37  3:11  Probe (Chrono Boost)  
  38  3:15  Probe (Chrono Boost)  
  38  3:16  Observer  
  40  3:22  Probe (Chrono Boost)  
  40  3:23  Assimilator  
  42  3:27  Probe (Chrono Boost)  
  42  3:32  Probe (Chrono Boost)  
  43  3:35  Robotics Bay  
  43  3:37  Pylon  
  43  3:39  Probe (Chrono Boost)  
  44  3:43  Probe (Chrono Boost), Assimilator  
  44  3:46  Observer  
  48  3:56  Probe (Chrono Boost)  
  48  3:57  Probe (Chrono Boost)  
  48  3:58  Pylon  
  48  4:02  Warp Prism  
  48  4:06  Probe (Chrono Boost)  
  48  4:09  Probe (Chrono Boost)  
  52  4:16  Gravitic Drive  
  53  4:17  Probe (Chrono Boost)  
  53  4:20  Twilight Council  
  53  4:21  Probe (Chrono Boost), Pylon  
  54  4:29  Probe (Chrono Boost)  
  55  4:33  Probe (Chrono Boost), Disruptor  
  59  4:41  Probe (Chrono Boost)  
  61  4:46  Probe (Chrono Boost), Gateway  
  61  4:48  Gateway  
  61  4:50  Gateway  
  62  4:53  Probe (Chrono Boost)  
  62  4:55  Pylon  
  62  4:57  Blink  
  62  5:03  Colossus  
  62  5:05  Sentry  
  64  5:11  Extended Thermal Lance  
  70  5:17  Probe x2 (Chrono Boost)  
  71  5:37  Pylon  
  71  5:42  Zealot x3  
  77  5:50  Colossus, Pylon  
  79  5:57  Probe x2 (Chrono Boost)  
  85  6:08  Stalker, Nexus  
  85  6:09  Stalker x2  
  93  6:19  Probe x2 (Chrono Boost)  
  93  6:23  Pylon  
  93  6:26  Pylon  
  92  6:34  Adept  
  94  6:41  Adept x2  
  94  6:42  Adept x2  
  94  6:43  Adept  
  92  6:52  Probe (Chrono Boost)  
  87  6:57  Stalker  
  87  7:01  Colossus, Mothership Core (Chrono Boost)  
  84  7:06  Probe (Chrono Boost)  
  82  7:10  Stalker x3  
  88  7:18  Probe (Chrono Boost)  
  88  7:19  Stalker x2  
  90  7:26  Probe (Chrono Boost)  
  90  7:27  Probe (Chrono Boost)  
  92  7:32  Adept  
  92  7:33  Adept x2  
  98  7:42  Probe (Chrono Boost)  
  98  7:43  Probe (Chrono Boost)  
  98  7:44  Probe (Chrono Boost)  
  95  7:47  Pylon  
  87  7:53  Probe (Chrono Boost), Stalker  
  86  8:01  Pylon  
  86  8:02  Probe (Chrono Boost)  
  86  8:03  Probe x2 (Chrono Boost)  
  87  8:07  Sentry x3  
  93  8:15  Probe (Chrono Boost)  
  93  8:16  Probe x2 (Chrono Boost)  
  96  8:26  Observer  
  88  8:42  Sentry, Adept  
  88  8:43  Adept x3  
  98  8:50  Pylon  
  98  9:01  Pylon  
  96  9:04  Colossus  
  96  9:14  Pylon  
  96  9:16  Adept  
  100  9:21  Adept x3  
  100  9:28  Probe (Chrono Boost)  
  96  9:39  Adept x3  
  96  9:42  Probe (Chrono Boost)  
  96  9:44  Probe (Chrono Boost)  
  101  9:46  Probe (Chrono Boost)  
  101  9:51  Colossus  
  102  9:53  Adept x3  
  102  9:58  Pylon  
  114  10:06  Probe x2 (Chrono Boost)  
  112  10:14  Probe (Chrono Boost)  
  112  10:16  Sentry, Stalker  
  112  10:17  Stalker x2  
  112  10:18  Probe (Chrono Boost)  
  112  10:20  Adept x2  
  125  10:24  Pylon  
  110  10:40  Adept x3  
Show
View Real Time Build Order
Export as new Build Order

Maru Terran - Winner!

Build Orders: Command Center First (CC), MMM Bio 

Get SALT Encoding   

  12  0:00  SCV  
  13  0:12  SCV  
  14  0:16  Supply Depot  
  14  0:25  SCV  
  15  0:38  SCV  
  16  0:50  SCV  
  17  0:58  Command Center  
  17  1:02  SCV  
  18  1:11  Barracks  
  18  1:15  SCV  
  19  1:25  Barracks  
  19  1:28  SCV  
  20  1:38  Barracks  
  20  1:41  SCV  
  21  1:57  Marine  
  21  1:58  Orbital Command  
  22  2:10  Orbital Command  
  22  2:11  Marine  
  23  2:15  Marine  
  24  2:24  SCV  
  24  2:26  Marine  
  24  2:29  Marine  
  27  2:30  Supply Depot  
  27  2:33  Marine  
  27  2:35  SCV  
  29  2:42  SCV, Refinery x2  
  30  2:45  Marine  
  30  2:47  Marine, SCV  
  30  2:51  Marine  
  33  2:54  SCV  
  35  2:59  SCV  
  35  3:04  Marine x2  
  38  3:06  SCV  
  38  3:09  Marine  
  38  3:11  Supply Depot, SCV  
  41  3:15  Engineering Bay  
  41  3:18  SCV  
  42  3:22  Marine  
  42  3:23  Barracks Tech Lab, SCV  
  42  3:27  Marine  
  44  3:31  SCV  
  45  3:35  SCV  
  45  3:36  Supply Depot  
  46  3:42  Marine x2  
  46  3:43  Stimpack, SCV  
  46  3:44  Marine  
  46  3:48  Factory  
  50  3:51  SCV, Refinery  
  50  3:55  SCV  
  52  4:03  SCV  
  52  4:04  Supply Depot  
  52  4:06  Barracks Reactor, Barracks Tech Lab  
  52  4:07  SCV  
  54  4:15  SCV  
  54  4:16  Missile Turret  
  55  4:17  Marine  
  55  4:19  SCV  
  57  4:26  Terran Infantry Weapons Level 1  
  57  4:28  SCV  
  57  4:30  Marauder  
  60  4:31  SCV  
  60  4:33  Supply Depot  
  60  4:36  Marauder  
  63  4:39  Starport  
  63  4:40  SCV  
  63  4:43  SCV  
  63  4:44  Factory Reactor  
  63  4:45  Marine x2  
  66  4:51  Supply Depot  
  66  4:52  Marauder  
  68  4:55  SCV  
  68  4:58  Supply Depot  
  68  4:59  Combat Shields  
  69  5:02  Marauder, Marine  
  69  5:03  Marine  
  69  5:05  SCV  
  74  5:08  SCV  
  74  5:10  Supply Depot  
  75  5:20  Marauder, Marine x2  
  75  5:21  Supply Depot  
  79  5:23  Marauder  
  79  5:25  Medivac  
  79  5:26  SCV x2  
  82  5:36  Medivac  
  82  5:38  Marine x2  
  82  5:41  SCV  
  87  5:44  Marauder  
  87  5:45  Marauder, Missile Turret  
  87  5:49  Factory Reactor  
  91  5:50  SCV  
  91  5:51  Refinery  
  91  5:56  Marine x2  
  94  5:59  Concussive Shells  
  94  6:05  Marauder  
  94  6:06  Marauder  
  98  6:14  Marine  
  98  6:17  Marine  
  100  6:20  Medivac  
  100  6:25  Command Center  
  102  6:26  Marauder  
  102  6:27  Marauder  
  102  6:28  Medivac  
  102  6:32  Supply Depot  
  108  6:34  Terran Infantry Armor Level 1  
  108  6:37  SCV  
  91  6:47  Marine x2  
  91  6:48  Marauder, SCV  
  91  6:49  Marauder, SCV  
  91  6:53  Widow Mine x2  
  96  7:00  SCV  
  96  7:01  SCV  
  97  7:12  Barracks x2, SCV  
  97  7:13  Marauder x2, Marine x2  
  104  7:16  Medivac  
  104  7:22  Widow Mine  
  97  7:25  Widow Mine  
  97  7:34  SCV  
  97  7:35  Engineering Bay, Marauder, Armory  
  97  7:47  Marauder  
  97  7:50  Widow Mine  
  99  7:53  Widow Mine, Medivac x2  
  99  7:56  Marauder  
  106  8:02  Barracks Reactor, Barracks Tech Lab  
  106  8:03  SCV x2  
  106  8:04  Orbital Command  
  108  8:15  SCV  
  108  8:17  Marine x2  
  108  8:18  Marauder x2  
  108  8:19  Widow Mine, Supply Depot  
  117  8:23  Medivac  
  117  8:24  Marauder  
  121  8:29  SCV  
  120  8:35  Marine  
  120  8:39  Marauder x2  
  121  8:42  Medivac, Marine  
  121  8:46  Marauder  
  121  8:48  SCV x2  
  128  8:53  Medivac  
  128  8:55  SCV  
  130  8:56  Marine  
  130  8:57  Refinery x2  
  130  9:00  Marauder x2, Marine, SCV  
  136  9:07  Marauder  
  122  9:10  Marine  
  122  9:11  Widow Mine x2  
  122  9:15  SCV x3  
  128  9:22  Marauder x2, Marine  
  128  9:23  Marine x2  
  135  9:27  SCV  
  135  9:28  Marauder, Marine  
  138  9:36  Barracks x2  
  138  9:37  Supply Depot, Barracks  
  138  9:39  Widow Mine  
  138  9:40  Marine x2  
  138  9:43  Marauder x2, Marine  
  147  9:50  Marauder  
  147  9:51  Liberator  
  145  9:55  Marine  
  146  10:04  Marauder  
  145  10:07  Command Center  
  145  10:13  Widow Mine x2  
  150  10:17  Starport  
  150  10:21  Marine x2  
  150  10:22  Marauder x2  
  153  10:31  Marine x2  
  153  10:32  Marauder  
  150  10:39  Marine x2  
  148  10:43  Supply Depot  
  148  10:44  Supply Depot  
Tags
 
Add a new tag
Caveats
  • Supply blocks, unpowered buildings, or Contaminate may cause inaccurate times.
  • Supply counts are checked every 10 seconds.